 Dungeon Crawl Stone Soup version 0.15-a0-60-g2d7d1c5 (webtiles) character file.

1325 KaKa the Basher (level 8, -9/46 HPs)
             Began as a Gargoyle Abyssal Knight on Apr 6, 2014.
             Was an Elder of Lugonu.
             Killed from afar by Grinder the hellion (17 damage)
             ... with a burst of hellfire
             ... on Level 4 of the Dungeon.
             The game lasted 00:18:44 (4787 turns).

KaKa the Basher (Gargoyle Abyssal Knight)           Turns: 4787, Time: 00:18:45

HP  -9/46        AC 11     Str 17      XL: 8   Next: 15%
MP  10/10        EV 10     Int 12      God: Lugonu [****..]
Gold 364         SH  0     Dex 11      Spells:  0 memorised,  7 levels left

rFire  . . .     SeeInvis .     A - +2 flail
rCold  . . .     Clarity  .     y - +0 leather armour (curse)
rNeg   + . .     Conserve .     (no shield)
rPois  +         rCorr    .     (no helmet)
rElec  +         rRot     +     (no cloak)
SustAb . .       Spirit   .     (no gloves)
rMut   .         Warding  .     s - +2 pair of boots
Saprov . . .     Stasis   .     (no amulet)
MR     .....                    (no ring)
                                (no ring)

@: not resistant to hostile enchantments, very unstealthy
A: life protection 1, electricity resistance, unbreathing, petrification
resistance, AC +5
a: Depart the Abyss, Bend Space, Banish, Corrupt, Renounce Religion


You were on level 4 of the Dungeon.
You worshipped Lugonu.
Lugonu was greatly pleased with you.
You were not hungry.

You visited 1 branch of the dungeon, and saw 4 of its levels.
You visited the Abyss 1 time.

You collected 364 gold pieces.

Inventory:

Hand weapons
 A - a +2,+2 flail (weapon)
Missiles
 f - 2 tomahawks (quivered)
Armour
 s - a +2 pair of boots (worn)
 y - a cursed +0 leather armour (worn)
Magical devices
 v - a wand of flame (9)
 x - a wand of polymorph (14)
Comestibles
 c - 3 bread rations
 l - 7 grapes
 m - a meat ration
 n - 2 chokos
Scrolls
 d - a scroll of random uselessness {unknown}
 g - a scroll of noise {unknown}
 i - 2 scrolls of fear {unknown}
 r - 2 scrolls of identify {unknown}
 t - a scroll of recharging {unknown}
 u - a scroll of amnesia {unknown}
 w - a scroll of magic mapping {unknown}
Jewellery
 h - an uncursed ring of magical power {unknown}
Potions
 b - 2 potions of poison {unknown}
 e - a potion of haste {unknown}
 k - a potion of heal wounds
 p - a potion of confusion {unknown}
 q - 3 potions of brilliance {unknown}


   Skills:
 - Level 3.4 Fighting
 + Level 10.1 Maces & Flails
 - Level 2.2 Armour
 - Level 0.7 Dodging
 - Level 2.0 Invocations


You had 7 spell levels left.
You didn't know any spells.

Dungeon Overview and Level Annotations

Branches:
Dungeon (4/15)
 Temple: D:4-7

Altars:
Fedhas
Vehumet

Annotations:
D:4 Grinder


Innate Abilities, Weirdness & Mutations

You are resistant to torment.
You are immune to poison.
You are immune to rotting.
Your stone body is very resilient (AC +5).
You resist negative energy.
You are resistant to electric shocks.
You can survive without breathing.
You are immune to petrification.


Message History

* * * LOW HITPOINT WARNING * * *
Evoke which item? (* to show all) (? for menu, Esc to quit)
Zapping:
x - a wand of polymorph {zapped: 1}
Press: ? - help, Shift-Dir - straight line, f/p - Grinder
Aim: Grinder the hellion Grinder resists with almost no effort.
Evoke which item? (* to show all) (? for menu, Esc to quit)
Zapping:
x - a wand of polymorph {zapped: 2}
Press: ? - help, Shift-Dir - straight line, f/p - Grinder
Aim: Grinder the hellion Grinder resists with almost no effort.
Evoke which item? (* to show all) (? for menu, Esc to quit)
Zapping:
x - a wand of polymorph {zapped: 3}
Press: ? - help, Shift-Dir - straight line, f/p - Grinder
Aim: Grinder the hellion Grinder resists with almost no effort.
Grinder says, "Don't move a muscle."
Grinder gestures at you.
The hellfire explodes!
The burst of hellfire engulfs you!
You die...

.........# #..#
.........# #..#
....5.....#
#..#
..........#
#..#
....#####/#
#..# #.####..#
#2......#
#.......#
#@......#
#.......#
#.......#
#..####.# #..#
#.# #..+ #.#
#..# #.# .
#..####.#
..#####.......#


You could see Grinder the hellion.

Vanquished Creatures
  8 big kobolds (D:3)
  An orc priest (D:4)
  A hound (D:3)
  An iguana (D:4)
  3 orc wizards (D:4)
  2 gnolls (D:3)
  7 adders
  2 worms
  3 giant geckos
  An ooze (D:1)
  11 orcs
  3 giant cockroaches
  7 goblins
  9 hobgoblins
  7 jackals (D:3)
  39 kobolds
  2 ball pythons (D:3)
  13 bats
  4 giant newts
  A quokka (D:2)
  9 rats
  A plant (D:1)
135 creatures vanquished.

Vanquished Creatures (others)
  A goliath beetle (D:3)
1 creature vanquished.

Grand Total: 136 creatures vanquished

Notes
Turn   | Place    | Note
--------------------------------------------------------------
     0 | Abyss:1  | KaKa, the Gargoyle Abyssal Knight, began the quest for the Orb.
     0 | Abyss:1  | Reached XP level 1. HP: 14/14 MP: 1/1
   111 | Abyss:1  | Noticed a smoke demon
   112 | D:1      | Escaped the Abyss
   412 | D:1      | Reached XP level 2. HP: 17/19 MP: 2/2
   580 | D:1      | Acquired Lugonu's first power
   883 | D:1      | Reached XP level 3. HP: 16/23 MP: 3/3
  1111 | D:2      | Found a blossoming altar of Fedhas.
  1159 | D:2      | Reached skill level 4 in Maces & Flails
  1701 | D:3      | Acquired Lugonu's second power
  1701 | D:3      | Reached XP level 4. HP: 25/28 MP: 5/5
  2031 | D:3      | Noticed a big kobold
  2054 | D:3      | Killed a big kobold
  2054 | D:3      | Reached skill level 5 in Maces & Flails
  2054 | D:3      | Reached XP level 5. HP: 21/32 MP: 6/6
  2337 | D:3      | Noticed a big kobold
  2338 | D:3      | Noticed a big kobold
  2357 | D:3      | Killed a big kobold
  2357 | D:3      | Reached skill level 6 in Maces & Flails
  2357 | D:3      | Reached XP level 6. HP: 19/37 MP: 7/7
  2366 | D:3      | Killed a big kobold
  2366 | D:3      | Reached skill level 7 in Maces & Flails
  2495 | D:3      | Noticed a big kobold
  2495 | D:3      | Noticed a big kobold
  2495 | D:3      | Noticed a big kobold
  2497 | D:3      | Noticed a big kobold
  2527 | D:3      | Killed a big kobold
  2547 | D:3      | Killed a big kobold
  2547 | D:3      | Reached XP level 7. HP: 15/41 MP: 9/9
  2552 | D:3      | Reached skill level 8 in Maces & Flails
  2554 | D:3      | Acquired Lugonu's third power
  2607 | D:3      | Killed a big kobold
  2614 | D:3      | Killed a big kobold
  2902 | D:3      | Noticed a big kobold
  2952 | D:3      | Killed a big kobold
  2952 | D:3      | Reached skill level 9 in Maces & Flails
  3558 | D:3      | Found a radiant altar of Vehumet.
  4049 | D:4      | HP: 1/41 [orc priest/divine providence (17)]
  4067 | D:4      | Acquired Lugonu's fourth power
  4067 | D:4      | Reached XP level 8. HP: 8/46 MP: 10/10
  4523 | D:4      | Reached skill level 10 in Maces & Flails
  4776 | D:4      | Noticed Grinder
  4784 | D:4      | Noticed Grinder
  4784 | D:4      | Grinder changed into Grinder the hellion
  4787 | D:4      | Killed from afar by Grinder the hellion

Action                   |  1- 3 |  4- 6 |  7- 9 || total
-------------------------+-------+-------+-------++-------
Melee: Mace              |   215 |   172 |   262 ||   649
       Flail             |       |       |    26 ||    26
Throw: Tomahawk          |     2 |       |     4 ||     6
Invok: Depart the Abyss  |     1 |       |       ||     1
       Banish            |       |       |     1 ||     1
Evoke: Wand              |       |       |     4 ||     4
  Use: Potion            |       |       |     4 ||     4
